 Dungeon Crawl Stone Soup version 0.27.0-1-g7a089689b8 (webtiles) character file.

Game seed: 7394579113825369344

197 Delamore the Sneak (level 5, -4/36 HPs)
             Began as an Octopode Brigand on Aug 6, 2021.
             Slain by a phantom (8 damage)
             ... on level 4 of the Dungeon.
             The game lasted 00:02:33 (2343 turns).

Delamore the Sneak (Octopode Brigand)               Turns: 2343, Time: 00:02:34

Health: -4/36      AC:  1    Str: 10    XL:     5   Next: 75%
Magic:  14/14      EV: 13    Int: 13    God:
Gold:   171        SH:  4    Dex: 15    Spells: 4/4 levels left

rFire    . . .     SeeInvis .   g - +2 short sword (elec)
rCold    . . .     Faith    .   k - +0 buckler
rNeg     . . .     Spirit   .   (helmet restricted)
rPois    .         Reflect  .   (no amulet)
rElec    .         Harm     .   d - ring of magical power
rCorr    .         Rampage  .   l - ring of willpower
Will     +....                  (no ring)
Stlth    ++++......             (no ring)
HPRegen  0.12/turn              (no ring)
MPRegen  0.14/turn              (no ring)
                                (no ring)
                                (no ring)

@: no status effects
A: almost no armour, amphibious, 8 rings, camouflage 1, gelatinous body 1,
(nimble swimmer 1), tentacles
a: no special abilities


You were on level 4 of the Dungeon.
You visited 1 branch of the dungeon, and saw 4 of its levels.

You collected 171 gold pieces.

Inventory:

Hand Weapons
 a - a +2 dagger
 g - a +2 short sword of electrocution (weapon)
Missiles
 b - 27 poisoned darts (quivered)
 c - 2 curare-tipped darts
Armour
 k - a +0 buckler (worn)
Jewellery
 d - a ring of magical power (left tentacle)
 l - a ring of willpower (right tentacle)
Scrolls
 e - a scroll of vulnerability
 f - 2 scrolls of teleportation {unknown}
 h - a scroll of torment {unknown}
 i - a scroll of enchant armour {unknown}
 m - a scroll of fog {unknown}
 n - a scroll of magic mapping {unknown}
Potions
 j - a potion of magic


   Skills:
 + Level 3.3 Fighting
 * Level 4.2 Short Blades
 - Level 2.0 Throwing
 + Level 2.3 Dodging
 - Level 5.6 Stealth
 + Level 0.6 Shields


You had 4 spell levels left.
You didn't know any spells.
Your spell library contained the following spells:

 Spells                   Type           Power      Damage    Failure   Level
 Static Discharge         Conj/Air       0%         N/A       56%         2
 Dispel Undead            Necr           0%         3d6       99%         4
 Sticky Flame             Conj/Fire      0%         2d3       99%         4


Dungeon Overview and Level Annotations

Branches:
Dungeon (4/15)
 Temple: D:4-7

Altars:
Elyvilon

Shops:
D:2 :

Annotations:
D:3 Natasha


Innate Abilities, Weirdness & Mutations

You cannot wear most types of armour.
You are amphibious.
You can wear up to eight rings at the same time.
Your skin changes colour to match your surroundings (Stealth+).
Your rubbery body absorbs attacks. (AC +1, EV +1)
((You are camouflaged near water. (Stealth+)))
You have tentacles for arms and can constrict up to eight enemies at once.


Message History

The phantom is moderately damaged.
You block the phantom's attack.
You hit the phantom.
The phantom is moderately damaged.
The phantom hits you!
The phantom blinks!
You blink.
You hit the phantom but do no damage. Lightning courses through the phantom!
The phantom is almost destroyed.
The phantom hits you but does no damage.
You barely miss the phantom.
The phantom is almost destroyed.
The phantom hits you.
The phantom blinks!
You blink.
You miss the phantom.
The phantom is almost destroyed.
The phantom hits you!
The phantom blinks!
You blink.
You are too injured to fight recklessly!
You barely miss the phantom. Your squeeze misses the phantom.
The phantom is almost destroyed.
The phantom closely misses you.
You completely miss the phantom.
The phantom is almost destroyed.
The phantom hits you.
* * * LOW HITPOINT WARNING * * *
You miss the phantom.
The phantom is almost destroyed.
The phantom hits you.
* * * LOW HITPOINT WARNING * * *
The phantom blinks!
You blink.
You completely miss the phantom.
The phantom is almost destroyed.
The phantom hits you.
* * * LOW HITPOINT WARNING * * *
The phantom blinks!
You blink.
Okay, then.
You closely miss the phantom.
The phantom is almost destroyed.
The phantom misses you.
You hit the phantom but do no damage.
The phantom is almost destroyed.
The phantom hits you!
You die...

# .# ###.#
###########...
#...........####
#......§.W..#..
#.........@.#.#
#.§.........#.#
###.............##.##
#...<#+###..........#
#.#### #########..#
#......# .# ########


You could see a phantom.

Vanquished Creatures
  Jessica (D:3)
  Terence (D:2)
  Natasha (D:3)
  An orc wizard (D:3)
  An adder (D:3)
  4 dart slugs
  3 orcs (D:3)
  4 endoplasms
  7 giant cockroaches (D:1)
  7 goblins
  5 hobgoblins
  11 jackals
  4 kobolds
  3 quokkas
  4 ball pythons
  6 bats
  A frilled lizard (D:1)
  8 rats
72 creatures vanquished.

Vanquished Creatures (others)
  A quokka (D:3)
1 creature vanquished.

Grand Total: 73 creatures vanquished

Notes
Turn   | Place    | Note
-------+----------+-------------------------------------------
     0 | D:1      | Delamore the Octopode Brigand began the quest for the Orb.
     0 | D:1      | Reached XP level 1. HP: 14/14 MP: 1/1
   154 | D:1      | Reached XP level 2. HP: 19/19 MP: 2/2
   363 | D:1      | Reached XP level 3. HP: 25/25 MP: 3/3
   518 | D:1      | Found a faded altar of an unknown god.
   900 | D:2      | Noticed Terence
   909 | D:2      | Killed Terence
   910 | D:2      | Reached XP level 4. HP: 29/30 MP: 4/4
  1153 | D:2      | Found Lefade's Book Shop.
  1526 | D:3      | Reached XP level 5. HP: 7/36 MP: 5/5
  1951 | D:3      | Found a white marble altar of Elyvilon.
  1970 | D:3      | Noticed Natasha
  1975 | D:3      | Killed Natasha
  2034 | D:3      | Noticed Natasha
  2085 | D:3      | Noticed Jessica
  2095 | D:3      | Killed Jessica
  2323 | D:4      | Noticed a phantom
  2343 | D:4      | Slain by a phantom

Illustrated notes

Levels and vault maps discovered:
D:1:      onia_arrival_pyramid, layout_loops_ring,
          ebering_ecumenical_altar_hall, grunt_decor_cap, hangedman_glass_teeth,
          nrook_campfire, minmay_worlds_worst_comb
D:2:      layout_rooms, serial_shops, shop, minmay_pentomino_q4, uniq_terence
D:3:      layout_rooms, elyvilon_altar_4, uniq_jessica, uniq_natasha
D:4:      layout_basic, serial_shops, shop

Skill      XL: |  1  2  3  4  5 |
---------------+----------------+-----
Short Blades   | 3 4 |  4.2
Fighting       | 3 |  3.3
Dodging        | 2 |  2.3
Throwing       | |  2.0
Stealth        | |  5.6
Shields        | |  0.6

Action                   |  1- 3 |  4- 6 || total
-------------------------+-------+-------++-------
Melee: Dagger            |    21 |       ||    21
       Constrict         |     7 |    13 ||    20
       Tentacles         |     5 |    10 ||    15
       Short sword       |    35 |    80 ||   115
  Use: Scroll            |       |     2 ||     2
 Stab: Sleeping          |    27 |     2 ||    29
Armor: Skin              |     1 |     7 ||     8
Dodge: Dodged            |    15 |    41 ||    56
Block: Buckler           |       |     3 ||     3
